 Dungeon Crawl Stone Soup version 0.26.1-11-gd32895ea62 (webtiles) character file.

Game seed: 16791394984951810965

152705 Zeld the Severer (level 17, -15/149 (161) HPs)
             Began as a Minotaur Berserker on May 26, 2021.
             Was a Priest of Trog.
             Demolished by a chaos spawn (16 damage)
             ... on level 3 of the Swamp.
             The game lasted 00:49:52 (52271 turns).

Zeld the Severer (Minotaur Berserker)              Turns: 52271, Time: 00:49:52

HP:   -15/149 (161) AC: 13    Str: 28    XL:     17   Next: 3%
MP:   16/16         EV: 19    Int:  4    God:    Trog [***...]
Gold: 1073          SH:  5    Dex: 11    Spells: 16/16 levels left

rFire    . . .     SeeInvis .   a - +6 hand axe (flame)
rCold    . . .     Faith    .   (no shield)
rNeg     . . .     Spirit   .   p - +2 ring mail {rPois}
rPois    +         Reflect  +   E - +2 hat
rElec    .         Harm     .   v - +2 cloak
rCorr    .         Rampage  .   c - +2 pair of gloves
Will     +....                  x - +1 pair of boots
Stlth    ..........             O - amulet of reflection
HPRegen  0.34/turn              h - ring of flight
MPRegen  0.15/turn              (no ring)

@: about to teleport, corroded, drained, very slow
A: retaliatory headbutt, horns 2
a: Renounce Religion, Evoke Flight, Berserk, Trog's Hand


You were on level 3 of the Swamp.
You worshipped Trog.
Trog was most pleased with you.
You visited 5 branches of the dungeon, and saw 28 of its levels.

You collected 2692 gold pieces.
You spent 1619 gold pieces at shops.

Inventory:

Hand Weapons
 a - a +6 hand axe of flaming (weapon)
 b - a +6 spectral hand axe
Armour
 c - a +2 pair of gloves (worn)
 p - a +2 ring mail of poison resistance (worn)
 v - a +2 cloak (worn)
 x - a +1 pair of boots (worn)
 C - a +0 plate armour
 E - a +2 hat (worn)
Jewellery
 h - a ring of flight (left hand)
 r - an uncursed ring of resist corrosion
 K - an uncursed ring of protection from fire
 O - an amulet of reflection (around neck)
Wands
 s - a wand of enslavement (12)
 u - a wand of polymorph (27)
 y - a wand of disintegration (20)
 A - a wand of iceblast (39)
 H - a wand of flame (63)
 I - a wand of acid (11)
 L - a wand of random effects (15)
Scrolls
 e - 6 scrolls of teleportation
 g - 15 scrolls of remove curse
 D - 4 scrolls of identify
 F - 5 scrolls of magic mapping
 J - 2 scrolls of silence
Potions
 d - 2 potions of ambrosia
 f - 7 potions of flight
 k - 2 potions of cancellation
 l - 4 potions of berserk rage
 n - 6 potions of brilliance
 o - 14 potions of curing
 q - 2 potions of magic
 t - 3 potions of haste
 w - 3 potions of resistance
 z - 4 potions of might
 G - a potion of invisibility
Miscellaneous
 j - a phantom mirror
 B - a phial of floods
 N - a condenser vane


   Skills:
 * Level 17.2 Fighting
 - Level 20.0 Axes
 - Level 2.4 Armour
 * Level 15.8 Dodging
 * Level 13.5 Evocations


You had 16 spell levels left.
You didn't know any spells.
Your spell library was empty.

Dungeon Overview and Level Annotations

Branches:
Dungeon (15/15)            Temple (0/1) D:7            Lair (6/6) D:10
  Swamp (4/4) Lair:3       Spider (0/4) Lair:4        Slime (0/5) Lair:6
    Orc (2/2) D:11            Elf (1/3) Orc:2        Vaults (0/5) D:13
 Depths (0/5) D:15

Altars:
Ashenzari
Cheibriados
Dithmenos
Elyvilon
Fedhas
Hepliaklqana
Kikubaaqudgha
Makhleb
Ru
Sif Muna
Trog
Uskayaw
Vehumet
Xom
Yredelemnul
Zin
The Shining One
Beogh

Shops:
D:8 :[   Orc:1 *   Orc:2 :(*[(

Annotations:
D:10 1 runed translucent door


Innate Abilities, Weirdness & Mutations

You reflexively headbutt those who attack you in melee.
You have a pair of horns on your head.


Message History

Here: a fenstrider witch, wearing a +0 robe (lightly wounded)
The floor.
As you read the scroll of fear, it crumbles to dust.
You assume a fearsome visage.
The fenstrider witch resists with some effort.
The chaos spawn is unaffected.
The chaos spawn misses you. The fenstrider witch misses you.
You block the fenstrider witch's attack.
As you read the scroll of teleportation, it crumbles to dust.
You feel strangely unstable.
You block the fenstrider witch's attack.
The fenstrider witch kicks you but does no damage.
The chaos spawn closely misses you. You furiously retaliate!
You headbutt the chaos spawn!
You enter the shallow water.
Moving in this stuff is going to be slow.
The chaos spawn hits you!
* * * LOW HITPOINT WARNING * * *
The chaos spawn freezes you!
You die...

≈...♣.≈≈≈≈≈≈≈..PPP....≈....≈..≈≈♣
...≈♣.≈≈§≈≈≈≈......§..≈♣.♣.♣♣≈..♣
≈..♣♣♣.≈..≈≈≈≈.≈≈≈≈..♣♣≈.≈♣♣♣♣≈♣♣
....♣♣≈≈≈.........≈.♣♣♣♣.♣♣ ♣♣♣
≈≈§.♣♣≈≈≈.≈...♣≈♣≈≈≈.♣ ♣♣♣
≈≈≈.≈♣.≈≈≈≈≈≈.≈♣♣♣...♣
.....♣♣≈..≈≈≈....♣♣.≈♣
......♣≈.≈≈≈≈...≈4..♣♣
###...♣≈.§≈≈≈.♣♣@H.♣♣
.#.#......≈≈≈.♣♣♣♣♣♣
..##..........♣ (..#[........≈♣
..######..≈≈≈.♣ ..#.##.#..≈≈≈.♣
......##..≈≈≈.♣ ♣.....##..≈≈≈.♣
♣♣≈...≈#<..≈≈.♣


You could see a fenstrider witch and a chaos spawn.

Vanquished Creatures
  Donald (Swamp:1)
  Kirke (Lair:4)
  3 fenstrider witches
  A frost giant (D:15)
  An orc warlord (Orc:2)
  A deep elf sorcerer (Elf:1)
  A stone giant (Orc:2)
  An ironheart preserver (D:13)
  2 slime creatures (D:15)
  2 bunyips
  2 eleionomae (Swamp:2)
  A yaktaur captain (D:15)
  6 boulder beetles
  11 hydras
  A deep elf high priest (Elf:1)
  Fannar (D:12)
  7 ghost crabs
  3 centaur warriors
  An ogre mage (Orc:2)
  4 catoblepae
  A queen ant (Lair:3)
  10 two-headed ogres
  4 dancing weapons (Elf:1)
  4 death yaks (Lair:6)
  4 alligators
  A tengu warrior (D:13)
  Sonja (Lair:4)
  5 spriggans
  4 deep elf knights (Elf:1)
  2 goliath frogs
  5 spriggan druids
  2 swamp dragons
  A deep troll (Orc:2)
  Pikel (D:5)
  5 bog bodies
  A wizard (Swamp:4)
  An orc knight (D:15)
  An orb spider (D:12)
  2 cyclopes
  An ugly thing (D:13)
  30 deep elf magi
  6 orc sorcerers
  4 will-o-the-wisps
  13 elephants
  3 manticores
  6 black mambas
  4 apocalypse crabs (Swamp:3)
  A gargoyle (D:14)
  11 cane toads
  3 rime drakes
  A kobold demonologist (D:11)
  6 komodo dragons
  An efreet (D:15)
  A yaktaur (D:15)
  2 tengu conjurers (D:15)
  3 polar bears
  7 trolls
  2 humans (Lair:4)
  4 hornets
  8 tyrant leeches
  31 blink frogs
  A vampire (D:12)
  3 air elementals (Elf:1)
  Sigmund (D:4)
  13 wyverns
  64 yaks
  2 fire elementals
  4 hogs (Lair:4)
  5 basilisks
  10 vampire mosquitoes
  Menkaure (D:6)
  6 swamp worms
  5 acid dragons
  21 soldier ants
  A soldier ant (shapeshifter) (D:14)
  5 wargs
  2 ice beasts
  13 water moccasins
  Duvessa (D:4)
  34 orc warriors
  A swamp drake (Swamp:3)
  An eye of draining (D:14)
  7 black bears
  A phantom (D:6)
  4 sky beasts
  5 boggarts (D:15)
  12 ogres
  23 wolves
  6 centaurs
  A lemure (D:5)
  2 big kobolds
  30 bullfrogs
  Blork the orc (D:4)
  A wyvern zombie (D:11)
  2 earth elementals (Elf:1)
  Dowan (D:4)
  A wyvern skeleton (D:14)
  2 scorpions
  18 wights
  3 electric eels
  A howler monkey (D:5)
  4 centaur zombies
  A bullfrog zombie (D:12)
  4 jellies
  A quasit (D:9)
  Crazy Yiuf (D:4)
  A bullfrog skeleton (D:11)
  28 orc priests
  7 centaur skeletons
  5 hounds
  29 orc wizards
  5 iguanas
  A worker ant (shapeshifter) (Elf:1)
  13 hell rats (Lair:2)
  24 worker ants
  2 hound zombies
  A hound skeleton (D:6)
  11 gnolls
  4 worker ant zombies
  9 adders
  2 shadow imps
  2 white imps (D:6)
  2 ufetubi
  An ooze (D:2)
  An adder zombie (D:5)
  2 adder skeletons
  5 worms
  3 dart slugs
  5 leopard geckos
  105 orcs
  2 ball pythons
  8 giant cockroaches
  9 goblins
  14 hobgoblins
  28 jackals
  6 quokkas
  5 bats
  5 frilled lizards
  23 kobolds
  11 rats
959 creatures vanquished.

Vanquished Creatures (collateral kills)
  Nessos (D:12)
  2 hydras
  A catoblepas (Lair:5)
  A dancing weapon (Elf:1)
  A black mamba (Lair:5)
  An apocalypse crab (Swamp:3)
  A blink frog (Lair:5)
  A soldier ant (Lair:3)
  2 worker ants (Lair:3)
11 creatures vanquished.

Vanquished Creatures (others)
  A sixfirhy (Swamp:4)
  A spriggan druid (Swamp:3)
  A rime drake (Lair:4)
  4 bloated husks
  14 foxfires (Swamp:1)
  44 fungi
  47 plants
112 creatures vanquished.

Grand Total: 1082 creatures vanquished

Notes
Turn   | Place    | Note
-------+----------+-------------------------------------------
     0 | D:1      | Zeld the Minotaur Berserker began the quest for the Orb.
     0 | D:1      | Reached XP level 1. HP: 19/19 MP: 0/0
   317 | D:1      | Reached skill level 4 in Axes
   416 | D:1      | Reached XP level 2. HP: 23/26 MP: 1/1
   877 | D:1      | Reached skill level 5 in Axes
  1031 | D:1      | Reached XP level 3. HP: 25/31 MP: 2/2
  1491 | D:2      | Reached ** piety under Trog
  2022 | D:2      | Found a basalt altar of Yredelemnul.
  2035 | D:2      | Reached skill level 6 in Axes
  2035 | D:2      | Reached XP level 4. HP: 38/39 MP: 3/3
  3116 | D:2      | Found a white marble altar of Elyvilon.
  3438 | D:3      | Found an ancient bone altar of Kikubaaqudgha.
  3482 | D:3      | Reached XP level 5. HP: 32/45 MP: 4/4
  3589 | D:3      | Reached skill level 7 in Axes
  3651 | D:3      | You fall into a shaft and drop 2 floors!
  3651 | D:5      | Entered Level 5 of the Dungeon
  3941 | D:5      | Reached skill level 8 in Axes
  3943 | D:5      | Reached XP level 6. HP: 10/51 MP: 5/5
  3944 | D:5      | Reached *** piety under Trog
  4297 | D:4      | Noticed Sigmund
  4522 | D:4      | Killed Sigmund
  4523 | D:4      | Reached skill level 9 in Axes
  4775 | D:3      | Reached XP level 7. HP: 41/57 MP: 6/6
  4995 | D:3      | Reached skill level 10 in Axes
  5314 | D:3      | Found a snail-covered altar of Cheibriados.
  5704 | D:4      | Noticed Duvessa
  5704 | D:4      | Noticed Dowan
  5725 | D:4      | Killed Duvessa
  5729 | D:4      | Killed Dowan
  5818 | D:4      | Found a radiant altar of Vehumet.
  5892 | D:4      | Found a shadowy altar of Dithmenos.
  5944 | D:4      | Noticed Blork the orc
  5959 | D:4      | Killed Blork the orc
  6151 | D:4      | Found a hazy altar of Hepliaklqana.
  6367 | D:4      | Found a runed translucent door.
  6369 | D:4      | Noticed Crazy Yiuf
  6375 | D:4      | Killed Crazy Yiuf
  6376 | D:4      | Reached skill level 11 in Axes
  6683 | D:5      | Found a sacrificial altar of Ru.
  6712 | D:5      | Reached XP level 8. HP: 15/64 MP: 7/7
  6734 | D:5      | Noticed Pikel
  7074 | D:5      | Found a burning altar of Makhleb.
  7493 | D:5      | Killed Pikel
  7494 | D:5      | Reached skill level 13 in Axes
  7871 | D:6      | Reached **** piety under Trog
  8392 | D:6      | Reached XP level 9. HP: 46/70 MP: 8/8
  8402 | D:6      | Reached skill level 14 in Axes
  8993 | D:6      | Noticed Menkaure
  9014 | D:6      | Killed Menkaure
  9015 | D:6      | Reached skill level 1 in Evocations
  9240 | D:6      | Found a bloodstained altar of Trog.
  9266 | D:6      | Found a shimmering blue altar of Sif Muna.
  9416 | D:6      | Found a glowing golden altar of the Shining One.
  9657 | D:7      | Reached skill level 5 in Fighting
 10189 | D:7      | Reached ***** piety under Trog
 10753 | D:7      | Reached skill level 5 in Dodging
 10885 | D:7      | Found a blossoming altar of Fedhas.
 11122 | D:7      | Noticed a deep elf mage
 11137 | D:7      | Killed a deep elf mage
 11138 | D:7      | Reached XP level 10. HP: 58/84 MP: 9/9
 11261 | D:7      | Found a broken altar of Ashenzari.
 11263 | D:7      | Found a hide-covered altar of Uskayaw.
 11298 | D:7      | Found a staircase to the Ecumenical Temple.
 11499 | D:8      | Noticed an angel
 11602 | D:8      | Found a shimmering altar of Xom.
 11602 | D:8      | Found a glowing silver altar of Zin.
 12118 | D:8      | Found Gerch's Antique Armour Boutique.
 12125 | D:8      | Bought a pair of heavily runed gloves for 285 gold pieces
 12135 | D:8      | Identified the +0 pair of gloves of the Gate {rElec Str-5
                  | Dex+4} (You bought it in a shop on level 8 of the Dungeon)
 12154 | D:8      | Noticed a two-headed ogre
 12160 | D:8      | Killed a two-headed ogre
 12161 | D:8      | Reached skill level 5 in Evocations
 12482 | D:8      | Found Cekhorr's Book Shoppe.
 12892 | D:9      | Received a gift from Trog
 13060 | D:9      | Noticed a two-headed ogre
 13070 | D:9      | Killed a two-headed ogre
 13719 | D:10     | Entered Level 10 of the Dungeon
 13808 | D:10     | Reached XP level 11. HP: 97/97 MP: 10/10
 13837 | D:10     | Found a staircase to the Lair.
 14050 | D:10     | Found a white marble altar of Elyvilon.
 14051 | D:10     | Found a runed translucent door.
 14051 | D:10     | Noticed an angel
 14617 | D:11     | Reached skill level 10 in Fighting
 14740 | D:11     | Noticed a centaur warrior
 14749 | D:11     | Killed a centaur warrior
 15122 | D:11     | Noticed a boulder beetle
 15124 | D:11     | Noticed a boulder beetle
 15142 | D:11     | Killed a boulder beetle
 15148 | D:11     | Killed a boulder beetle
 15517 | D:11     | Found a staircase to the Orcish Mines.
 15526 | D:11     | Found a roughly hewn altar of Beogh.
 16161 | D:12     | Reached skill level 10 in Dodging
 16199 | D:12     | Noticed Fannar
 16210 | D:12     | Killed Fannar
 16211 | D:12     | Reached ****** piety under Trog
 16370 | D:12     | Reached XP level 12. HP: 86/110 MP: 11/11
 16386 | D:12     | Received a gift from Trog
 16986 | D:12     | Noticed a two-headed ogre
 16994 | D:12     | Killed a two-headed ogre
 17230 | D:12     | Noticed a two-headed ogre
 17236 | D:12     | Killed a two-headed ogre
 17354 | D:12     | Noticed Nessos
 17389 | D:12     | HP: 5/112 [poisoned by Nessos]
 17394 | D:12     | HP: 5/112 [poisoned by Nessos]
 17399 | D:12     | HP: 4/112 [poisoned by Nessos]
 17407 | D:12     | HP: 4/112 [poisoned by Nessos]
 18223 | D:12     | Noticed a two-headed ogre
 18233 | D:12     | Killed a two-headed ogre
 18494 | D:12     | Killed Nessos
 18921 | D:13     | Found a gate to the Vaults.
 18921 | D:13     | Noticed an ironheart preserver
 18936 | D:13     | Killed an ironheart preserver
 19298 | D:13     | Noticed a four-headed hydra
 19305 | D:13     | Killed a five-headed hydra
 19588 | D:13     | Noticed a tengu warrior
 19601 | D:13     | Killed a tengu warrior
 20045 | D:14     | Noticed a boulder beetle
 20059 | D:14     | Killed a boulder beetle
 20060 | D:14     | Reached skill level 10 in Evocations
 20236 | D:14     | Noticed a four-headed hydra
 20241 | D:14     | Killed a five-headed hydra
 20269 | D:14     | Noticed a centaur warrior
 20282 | D:14     | Killed a centaur warrior
 20283 | D:14     | Reached XP level 13. HP: 68/122 MP: 12/12
 21605 | D:15     | Entered Level 15 of the Dungeon
 23694 | D:15     | Found a staircase to the Depths.
 23694 | D:15     | Noticed a frost giant
 23702 | D:15     | Killed a frost giant
 24232 | Orc:1    | Entered Level 1 of the Orcish Mines
 24418 | Orc:1    | Found Qatzylopaa's Mayhem Merchandise.
 24427 | Orc:1    | Bought a wand of iceblast (6) for 150 gold pieces
 24808 | Orc:2    | Entered Level 2 of the Orcish Mines
 24808 | Orc:2    | Found a staircase to the Elven Halls.
 25119 | Orc:2    | Found Bimiwoadi's Distillery.
 25127 | Orc:2    | Found Tustreive's Book Boutique.
 25190 | Orc:2    | Bought a potion of heal wounds for 80 gold pieces
 25190 | Orc:2    | Bought a potion of curing for 48 gold pieces
 25190 | Orc:2    | Bought a potion of might for 64 gold pieces
 25190 | Orc:2    | Bought a potion of flight for 48 gold pieces
 25190 | Orc:2    | Bought a potion of resistance for 160 gold pieces
 25190 | Orc:2    | Bought a potion of curing for 48 gold pieces
 25190 | Orc:2    | Bought 2 potions of curing for 96 gold pieces
 25190 | Orc:2    | Bought a potion of degeneration for 16 gold pieces
 25248 | Orc:2    | Noticed a stone giant
 25889 | Orc:2    | Killed a stone giant
 25903 | Orc:2    | Received a gift from Trog
 25922 | Orc:2    | HP: 2/125 [orc warrior/boomerang (10)]
 26443 | Orc:2    | Found a roughly hewn altar of Beogh.
 26865 | Orc:2    | Found a roughly hewn altar of Beogh.
 26983 | Orc:2    | Found a roughly hewn altar of Beogh.
 27002 | Orc:2    | Found a roughly hewn altar of Beogh.
 27074 | Orc:2    | Noticed an orc warlord
 27091 | Orc:2    | Reached XP level 14. HP: 91/133 MP: 13/13
 27566 | Orc:2    | Killed an orc warlord
 27766 | Orc:2    | Received a gift from Trog
 28042 | Orc:2    | Found Jodghav's Antique Armour Boutique.
 28043 | Orc:2    | Found a roughly hewn altar of Beogh.
 28044 | Orc:2    | Found Sywic's Antique Weapon Shop.
 28051 | Orc:2    | Bought a glowing battleaxe for 190 gold pieces
 28112 | Orc:2    | Found a roughly hewn altar of Beogh.
 28167 | Orc:2    | Found Poik's General Store.
 28175 | Orc:2    | Bought a potion of berserk rage for 70 gold pieces
 28175 | Orc:2    | Bought a potion of invisibility for 112 gold pieces
 28175 | Orc:2    | Bought a scroll of remove curse for 42 gold pieces
 28175 | Orc:2    | Bought a wand of flame (22) for 168 gold pieces
 28175 | Orc:2    | Bought a potion of flight for 42 gold pieces
 28219 | Orc:2    | Found a burning altar of Makhleb.
 28237 | Orc:2    | Reached skill level 15 in Axes
 28453 | Orc:2    | Found a roughly hewn altar of Beogh.
 28454 | Orc:2    | Found Zoucopt's Antique Weapon Emporium.
 28785 | Lair:1   | Entered Level 1 of the Lair of Beasts
 29155 | Lair:1   | Reached skill level 16 in Axes
 31190 | Lair:2   | Reached skill level 17 in Axes
 31949 | Elf:1    | Entered Level 1 of the Elven Halls
 32111 | Lair:3   | Received a gift from Trog
 32557 | Lair:3   | Reached skill level 18 in Axes
 33797 | Lair:3   | Reached XP level 15. HP: 139/139 MP: 14/14
 33815 | Lair:3   | Received a gift from Trog
 33884 | Lair:3   | Found a staircase to the Swamp.
 34294 | Lair:4   | Noticed Kirke
 34310 | Lair:4   | Killed Kirke
 34311 | Lair:4   | Reached skill level 19 in Axes
 34860 | Lair:4   | Found a hole to the Spider Nest.
 34960 | Lair:4   | Noticed Sonja
 34965 | Lair:4   | Killed Sonja
 36880 | Lair:6   | Entered Level 6 of the Lair of Beasts
 36886 | Lair:6   | Reached skill level 20 in Axes
 37517 | Lair:6   | Received a gift from Trog
 37528 | Lair:6   | Reached skill level 15 in Fighting
 37806 | Lair:6   | Got a scorched battleaxe {god gift}
 37807 | Lair:6   | Identified the +2 battleaxe "Taodwic" {vorpal, rElec rF+
                  | Int+3} (Trog gifted it to you on level 6 of the Lair of
                  | Beasts)
 38606 | Lair:6   | Found a staircase to the Slime Pits.
 41014 | Elf:1    | Reached XP level 16. HP: 105/130 MP: 15/15
 41166 | Elf:1    | Paralysed by an orc sorcerer for 4 turns
 41177 | Elf:1    | HP: 6/129 [poisoned by an orange demon]
 41882 | Elf:1    | Received a gift from Trog
 41951 | Elf:1    | Found a runed translucent door.
 42049 | Elf:1    | Identified the Handbook of Calling
 43653 | Swamp:1  | Entered Level 1 of the Swamp
 43878 | Swamp:1  | Noticed Donald
 43888 | Swamp:1  | Killed Donald
 44682 | Swamp:1  | Reached skill level 15 in Dodging
 47160 | Swamp:2  | Received a gift from Trog
 48628 | Swamp:3  | Paralysed by a fenstrider witch for 3 turns
 49396 | Swamp:3  | Found a runed translucent door.
 51172 | Swamp:3  | Identified the +9 quarterstaff "Rohamnuy" {elec, Will+}
 51175 | Swamp:3  | Paralysed by you for 2 turns
 51190 | Swamp:3  | Reached XP level 17. HP: 146/146 MP: 16/16
 51556 | Swamp:4  | Entered Level 4 of the Swamp
 52267 | Swamp:4  | HP: 7/149 [acid (10)]
 52271 | Swamp:3  | HP: 1/149 [chaos spawn (8)]
 52271 | Swamp:3  | Demolished by a chaos spawn

Illustrated notes

Levels and vault maps discovered:
D:1:      roderic_crossed_star, layout_basic
D:2:      layout_loops_ring, lemuel_crystal_altar,
          lemuel_coloured_pillars_altar, minmay_tree_intersection,
          minmay_quadrilaterals
D:3:      minmay_angry_zag, layout_loops_ring, marbit_many_paths,
          nicolae_overflow_hidden_temple
D:4:      layout_cave_pools, nzn_hepliaklqana_mist_gate, lemuel_crystal_altar,
          overflow_temple_1_default, uniq_blork_the_orc, uniq_sigmund,
          uniq_crazy_yiuf_cottage, uniq_duvessa
D:5:      layout_loops_ring, kennysheep_mini, bloody_makhleb, uniq_pikel
D:6:      layout_rooms, nzn_overflow_gifts_of_might_and_magic,
          overflow_temple_1_default, uniq_menkaure
D:7:      layout_cave_pools, fedhas_bush_and_centaur_altar, minitemple,
          minmay_temple_entry_poolview, serial_park, serial_park_square1
          [serial_park_minivault_5x5_6], serial_park_tiny_1
D:8:      layout_gridville, grunt_temple_overflow_order_and_chaos_1,
          serial_shops, shop, kennysheep_mini_moat
D:9:      layout_long_grid, kennysheep_cross_room,
          ebering_dispersal_statue_hall, hangedman_pestilent_swarm, minivault_23
D:10:     layout_roguey, minmay_lair_entry_grove, lemuel_angel_altar
D:11:     layout_long_grid, minmay_orc_entry_temple_small, grunt_ministairs_10,
          minmay_misc_feat_square
D:12:     layout_stronghold, uniq_fannar, uniq_nessos
D:13:     layout_small_grid, skrybe_vaults_entry_preservation
D:14:     layout_roguey, grunt_decor_one_mirror
D:15:     grunt_enter_depths_snipers, layout_basic,
          minmay_misc_feat_more_columns, kennysheep_inner_square
Lair:1:   layout_gridlike, grunt_megastairs_4, serial_bayou_shore_a
Lair:2:   layout_cave_shapes, beast_lair_carwin_6, grunt_megastairs_3
Lair:3:   layout_regular_city, nicolae_swamp_entry_splash_gauntlet, minivault_29
Lair:4:   layout_roguey, dummy_spider_entry, st_stairs_4, beast_lair_carwin_5,
          grunt_megastairs_2, infiniplex_staircase_pool_2, uniq_sonja,
          uniq_kirke
Lair:5:   layout_long_grid, grunt_megastairs_1, infiniplex_staircase_pool
Lair:6:   evilmike_catoblepas_cave, layout_gridlike, slime_dummy, serial_rivers,
          chequers_serial_rivers_large_a, chequers_serial_rivers_small_3,
          chequers_serial_rivers_micro_d, chequers_serial_rivers_small_3,
          chequers_serial_rivers_micro_a, chequers_serial_rivers_small_a
Swamp:1:  layout_basic_swamp, nicolae_swamp_trees_clearing,
          nzn_swamp_dancing_lights, uniq_donald
Swamp:2:  layout_basic_swamp, evilmike_swamp_ruin_house_5
Swamp:3:  gammafunk_mikee_crab_dinner, layout_basic_swamp,
          hangedman_swamp_ruin_wall, nicolae_swamp_fairy_circle
Swamp:4:  nzn_swamp_witches_coven, layout_basic_swamp
Orc:1:    layout_caves, minmay_shop_mayhem
Orc:2:    grunt_orc_community_town_hall, layout_caves,
          grunt_orc_community_big_house_1, grunt_orc_community_big_house_2,
          grunt_orc_community_house_2, grunt_orc_community_house_2,
          grunt_orc_community_house_2, grunt_orc_community_house_3, basic_altar,
          nicolae_orc_lava_tube, guppyfry_orc_lava_fort
Elf:1:    minmay_elf_arrival_summoners, layout_loops_cross,
          minmay_elf_demonology, minivault_13

Skill      XL: |  1  2  3  4  5  6  7  8  9 10 11 12 13 14 15 16 |
---------------+-------------------------------------------------+-----
Axes           | 4 5 6 8 9 11 13 14 18 20 | 20.0
Fighting       | 6 9 11 13 14 15 17 | 17.2
Evocations     | 4 6 8 10 11 12 13 | 13.5
Dodging        | 5 8 10 12 13 14 15 | 15.8
Armour         | |  2.4

Action                   |  1- 3 |  4- 6 |  7- 9 | 10-12 | 13-15 | 16-18 || total
-------------------------+-------+-------+-------+-------+-------+-------++-------
Melee: Hand axe          |   101 |   130 |   402 |   623 |  1501 |   538 ||  3295
       Headbutt          |    12 |    25 |    78 |   136 |   419 |   133 ||   803
       Battleaxe         |       |       |       |       |    13 |    19 ||    32
Invok: Berserk           |       |     4 |     9 |    13 |    17 |     7 ||    50
       Brothers in Arms  |       |       |       |     2 |     5 |     4 ||    11
       Trog's Hand       |       |       |       |       |     1 |     1 ||     2
 Abil: Evoke Flight      |     1 |       |       |       |     2 |       ||     3
Evoke: Wand              |       |       |     1 |     2 |     2 |     7 ||    12
  Use: Scroll            |       |     6 |     8 |    15 |    13 |    12 ||    54
       Potion            |       |       |       |       |     5 |     6 ||    11
 Stab: Sleeping          |       |     2 |       |       |       |       ||     2
       Distracted        |       |       |     1 |     4 |    21 |     2 ||    28
       Petrified         |       |       |       |       |     5 |       ||     5
Armor: Skin              |    15 |     9 |     8 |       |       |       ||    32
       Plate armour      |       |       |   100 |   227 |   587 |    45 ||   959
       Ring mail         |       |       |       |       |       |   135 ||   135
Dodge: Dodged            |    81 |    90 |   143 |   170 |   594 |   283 ||  1361
Block: Other             |       |       |       |       |    34 |    79 ||   113
